 Dungeon Crawl Stone Soup version 0.25-a0-663-gace7076f2c (webtiles) character file.

Game seed: 5463764175530828749, levelgen mode: deterministic

553 Esekla the Stinger (level 7, 0/45 HPs)
             Began as an Octopode Venom Mage on Mar 25, 2020.
             Was an Initiate of Ashenzari.
             Slain by a troll (9 damage)
             ... on level 4 of the Dungeon.
             The game lasted 00:29:29 (3349 turns).

Esekla the Stinger (Octopode Venom Mage)            Turns: 3349, Time: 00:29:31

Health: 0/45       AC: 13    Str:  8    XL:     7   Next: 29%
Magic:  0/11       EV: 14    Int: 18    God:    Ashenzari [......]
Gold:   129        SH:  0    Dex: 13    Spells: 6/12 levels left

rFire    . . .     SeeInvis .   m - +1 falchion (protect)
rCold    . . .     Gourm    .   (no shield)
rNeg     . . .     Faith    .   (helmet restricted)
rPois    .         Spirit   .   h - amulet of regeneration
rElec    .         Reflect  .   f - ring of stealth
rCorr    .         Harm     .   p - +5 ring of protection (curse)
MR       +....                  j - ring of protection from magic
Stlth    +++++.....             (no ring)
HPRegen  0.55/turn              (no ring)
MPRegen  0.12/turn              (no ring)
                                (no ring)
                                (no ring)

@: protection aura, very slightly contaminated
A: almost no armour, stealthy swim, amphibious, 8 rings, constrict 8, camouflage
1, gelatinous body 1
a: Curse Item, Renounce Religion


You were on level 4 of the Dungeon.
You worshipped Ashenzari.
Ashenzari was noncommittal.
You were very hungry.

You visited 2 branches of the dungeon, and saw 5 of its levels.

You collected 129 gold pieces.

Inventory:

Hand Weapons
 e - a +0 spear
 g - a +2 dagger of speed
 m - a +1 falchion of protection (weapon)
Missiles
 l - 15 poisoned darts (quivered)
Jewellery
 f - a ring of stealth (left tentacle)
 h - an amulet of regeneration (around mantle)
 j - a ring of protection from magic (on tentacle)
 k - an uncursed ring of fire
 p - a cursed +5 ring of protection (right tentacle)
Scrolls
 d - 3 scrolls of identify
 i - 2 scrolls of noise {unknown}
 n - a scroll of fear {unknown}
 o - 3 scrolls of teleportation {unknown}
 s - a scroll of amnesia {unknown}
Potions
 a - 2 potions of berserk rage
 c - a potion of mutation
 q - a potion of stabbing
 r - a potion of haste
Comestibles
 b - 11 rations


   Skills:
 * Level 2.3 Fighting
 + Level 0.5(1.4) Short Blades
 + Level 2.1 Long Blades
 * Level 2.8 Dodging
 + Level 4.1 Stealth
 * Level 3.2 Spellcasting
 * Level 2.4 Conjurations
 - Level 1.0 Transmutations
 * Level 3.1 Air Magic
 + Level 4.5 Poison Magic


You had 6 spell levels left.
You knew the following spells:

 Your Spells              Type           Power        Failure   Level  Hunger
a - Sting                 Tmut/Pois      ##..         5%          1    None
c - Mephitic Cloud        Conj/Pois/Air  ###.....     12%         3    ###....
v - Poisonous Vapours     Pois/Air       ###...       4%          2    ##.....

Your spell library contained the following spells:

 Spells                   Type           Power        Failure   Level  Hunger
 Corona                   Hex            #......      16%         1    None
 Ignite Poison            Fire/Tmut/Pois #.......     22%         3    ###....
 Ensorcelled Hibernation  Hex/Ice        #.....       24%         2    ##.....
 Olgreb's Toxic Radiance  Pois           ###.....     26%         4    ####...
 Dazzling Flash           Conj/Hex       #.....       28%         3    ###....
 Confusing Touch          Hex            #.......     43%         3    ###....
 Tukima's Dance           Hex            #.......     43%         3    ###....


Dungeon Overview and Level Annotations

Branches:
Dungeon (4/15)             Temple (1/1) D:4

Altars:
Ashenzari
Cheibriados
Dithmenos
Elyvilon
Fedhas
Gozag
Kikubaaqudgha
Nemelex Xobeh
Okawaru
Qazlal
Ru
Sif Muna
Xom
The Shining One


Innate Abilities, Weirdness & Mutations

You cannot wear most types of armour.
You are very stealthy in the water. (Stealth+)
You are amphibious.
You can wear up to eight rings at the same time.
You can use your tentacles to constrict eight enemies at once.
Your skin changes colour to match your surroundings (Stealth+).
Your rubbery body absorbs attacks. (AC +1, EV +1)


Message History

Aim: a troll The ball explodes into a vile cloud!
The stinking cloud engulfs the troll but does no damage.
The jelly quivers.
You are feeling very hungry.
You hear a howl!
The troll is engulfed in noxious fumes.
The troll appears confused.
You hit the troll.
Your weapon exudes an aura of protection.
You squeeze the troll.
The troll is lightly wounded.
The troll is engulfed in noxious fumes.
The troll appears confused.
The troll bites you.
* * * LOW HITPOINT WARNING * * *
The troll claws you.
* * * LOW HITPOINT WARNING * * *
The troll closely misses you.
The troll is engulfed in noxious fumes.
The troll appears confused.
The troll barely misses you. The troll claws you but does no damage.
The troll claws you!
You die...

...........#.....................
##.....%...###.#...#######.....##
#...........#.#...## #.....##
##..................######.......
.................................
...........................##....
...........J...............##....
....(............................
................@................
#..........h.○sT.##.)........#...
#.....####....☼○.##......#####...
#.....#......☼○☼.##.##... #...
#.....#..........## #... ###...
#.....#..........# ..... #.....
#..........###...# ...... #.....
#..........# #...# ...... #.....
#..........###)#.# #.....


You could see a troll (confused), a jelly, a jackal and a giant cockroach.

Vanquished Creatures
  2 ogres (D:4)
  A bullfrog (D:3)
  An orc wizard (D:3)
  2 orc priests (D:3)
  An iguana (D:4)
  Terence (D:2)
  A worker ant (D:4)
  3 adders
  2 oozes
  An adder skeleton (D:4)
  A worm (D:2)
  7 leopard geckos
  19 orcs
  6 bats
  6 giant cockroaches
  7 goblins
  12 hobgoblins
  5 kobolds
  3 quokkas
  A ball python (D:1)
  7 frilled lizards
  7 rats
96 creatures vanquished.

Notes
Turn   | Place    | Note
-------+----------+-------------------------------------------
     0 | D:1      | Esekla the Octopode Venom Mage began the quest for the Orb.
     0 | D:1      | Reached XP level 1. HP: 11/11 MP: 3/3
   145 | D:1      | Reached XP level 2. HP: 11/18 MP: 5/5
   149 | D:1      | Learned a level 2 spell: Poisonous Vapours
   284 | D:1      | Reached XP level 3. HP: 19/22 MP: 0/6
   315 | D:1      | Reached skill level 1 in Fighting
   610 | D:1      | Learned a level 3 spell: Mephitic Cloud
   753 | D:2      | Reached skill level 1 in Air Magic
   992 | D:2      | Reached XP level 4. HP: 28/28 MP: 0/7
  1206 | D:2      | Noticed Terence
  1220 | D:2      | Killed Terence
  1924 | D:3      | Reached XP level 5. HP: 15/33 MP: 3/8
  2248 | D:3      | Reached skill level 1 in Conjurations
  2251 | D:3      | Reached skill level 1 in Long Blades
  2313 | D:3      | Reached XP level 6. HP: 39/39 MP: 0/10
  2900 | D:4      | Found a staircase to the Ecumenical Temple.
  3036 | Temple   | Entered the Ecumenical Temple
  3165 | Temple   | Became a worshipper of Ashenzari the Shackled
  3198 | D:4      | Reached XP level 7. HP: 23/45 MP: 2/11
  3302 | D:4      | Found an opulent altar of Gozag.
  3327 | D:4      | Noticed a troll
  3349 | D:4      | Slain by a troll

Levels and vault maps discovered:
D:1:      sevenhm_arrival_forest_fort_small_3, layout_rooms
D:2:      layout_basic, interstate_on_off, palyth_stone_intersect, uniq_terence
D:3:      layout_basic, first_ration
D:4:      layout_basic, kennysheep_little_box,
          minmay_temple_entry_statues_fountains, nicolae_zen_rock_garden,
          minmay_manual_monolith
Temple:   dshaligram_water_room_temple

Skill      XL: |  1  2  3  4  5  6  7 |
---------------+----------------------+-----
Poison Magic   | 4 |  4.5
Fighting       | 1 2 |  2.3
Air Magic      | 1 2 3 |  3.1
Stealth        | 3 4 |  4.1
Conjurations   | 2 |  2.4
Long Blades    | 1 2 |  2.1
Spellcasting   | 3 |  3.2
Short Blades   | |  0.5
Dodging        | |  2.8
Transmutations | |  1.0

Action                   |  1- 3 |  4- 6 |  7- 9 || total
-------------------------+-------+-------+-------++-------
Melee: Dagger            |    60 |    16 |       ||    76
       Tentacles         |     9 |    12 |     1 ||    22
       Constrict         |    13 |    27 |     1 ||    41
       Unarmed           |     2 |       |       ||     2
       Falchion          |       |    72 |    12 ||    84
 Cast: Sting             |     5 |       |       ||     5
       Poisonous Vapours |    14 |    29 |     4 ||    47
       Mephitic Cloud    |       |     1 |     1 ||     2
Invok: Curse Item        |       |     1 |       ||     1
  Use: Scroll            |       |     4 |       ||     4
 Stab: Distracted        |     3 |       |       ||     3
       Sleeping          |     2 |    15 |     3 ||    20
       Confused          |       |     2 |       ||     2
  Eat: Chunk             |     1 |     8 |     1 ||    10
Armor: Skin              |     3 |     6 |     3 ||    12
Dodge: Dodged            |    27 |    53 |    10 ||    90
       Rpst.: Falchion   |       |    20 |     4 ||    24

Table legend:
 A = Non-vault XP
 B = Vault XP
 C = Vault XP percentage of total XP
 D = Non-vault monster count
 E = Vault monster count
 F = Vault count percentage of total count
                 A         B        C        D         E       F
            +---------+---------+-------+---------+---------+-------
      Total |     720 |      70 |   8.9 |      94 |       2 |   2.1
            +---------+---------+-------+---------+---------+-------
        D:1 |      57 |       0 |   0.0 |      30 |       0 |   0.0
        D:2 |      64 |      36 |  36.0 |      22 |       1 |   4.3
        D:3 |     290 |       0 |   0.0 |      29 |       0 |   0.0
        D:4 |     309 |      34 |   9.9 |      13 |       1 |   7.1
            +---------+---------+-------+---------+---------+-------
